 Dungeon Crawl Stone Soup version 0.30-a0-760-g5a9884bb7c (webtiles) character file.

Game seed: 1497531802771450153

6195 Pooter the Skirmisher (level 10, -2/86 HPs)
             Began as a Minotaur Hunter on Feb 9, 2023.
             Was a Believer of Okawaru.
             Slain by a very large slime creature (28 damage)
             ... on level 9 of the Dungeon on Feb 10, 2023.
             The game lasted 01:00:46 (8215 turns).

Pooter the Skirmisher (Minotaur Hunter)             Turns: 8215, Time: 01:00:46

Health: -2/86      AC: 16    Str: 21    XL:     10   Next: 61%
Magic:  10/12      EV: 20    Int:  6    God:    Okawaru [**....]
Gold:   621        SH:  0    Dex: 13    Spells: 8/9 levels left

rFire   + . .      SeeInvis .    a - +1 battleaxe
rCold   . . .      Faith    .    (shield currently unavailable)
rNeg    . . .      Spirit   .    X - +2 chain mail {rF+}
rPois   .          Reflect  .    (helmet restricted)
rElec   +          Harm     .    s - +0 cloak
rCorr   .          Rampage  .    g - +0 pair of gloves
Will    .....                    (no boots)
Stlth   +                        J - amulet of regeneration
HPRegen 1.14/turn                m - +5 ring of evasion
MPRegen 0.13/turn                z - +5 ring of evasion

@: heroic
A: horns 2, retaliatory headbutt, talons 1, iridescent scales 1, electricity
resistance
a: Renounce Religion, Heroism


You were on level 9 of the Dungeon.
You worshipped Okawaru.
Okawaru was pleased with you.
You visited 1 branch of the dungeon, and saw 9 of its levels.
You also visited: Bailey.

You collected 857 gold pieces.
You spent 236 gold pieces at shops.

Inventory:

Hand Weapons
 a - a +1 battleaxe (weapon)
   (You took it off an orc warrior on level 8 of the Dungeon)
 b - a +2 shortbow of freezing
   (You found it on level 9 of the Dungeon)
 f - a +2 whip of holy wrath
   (You took it off a gnoll on level 4 of the Dungeon)
 i - a +2 heavy hand axe
   (You took it off an orc on level 5 of the Dungeon)
 E - the +6 whip of Punishment {vamp, Int+3}
   (You found it on level 2 of the Dungeon)

   Int:       It affects your intelligence (+3).
 G - a +2 trident of protection
   (You found it on level 5 of the Dungeon)
 L - a +1 glaive of venom
   (You took it off an orc warrior on level 7 of the Dungeon)
 T - a +1 dire flail
   (You took it off a wight on level 8 of the Dungeon)
Missiles
 j - 24 boomerangs (quivered)
 p - 8 javelins
 u - 30 poisoned darts
 y - a throwing net {!f}
 M - 7 curare-tipped darts
 N - 9 datura-tipped darts
 O - 4 atropa-tipped darts
 Q - 67 stones
Armour
 g - a +0 pair of gloves (worn)
   (You found it on level 1 of the Dungeon)
 h - a +0 plate armour
   (You took it off an orc warrior on level 6 of the Dungeon)
 s - a +0 cloak (worn)
   (You found it on level 4 of the Dungeon)
 X - a +2 chain mail of fire resistance (worn)
   (You bought it in a shop on level 9 of the Dungeon)
Jewellery
 m - a +5 ring of evasion (left hand)
   (You found it on level 2 of the Dungeon)
 z - a +5 ring of evasion (right hand)
   (You found it on level 5 of the Dungeon)
 I - a ring of protection from cold
   (You found it on level 2 of the Dungeon)
 J - an amulet of regeneration (around neck)
   (You found it on level 7 of the Dungeon)
 W - a ring of protection from cold
   (You found it on level 9 of the Dungeon)
Wands
 d - a wand of iceblast (5)
   (You found it on level 4 of the Dungeon)
 D - a wand of digging (1)
   (You found it on level 9 of the Dungeon)
Scrolls
 c - a scroll of summoning {unknown}
 r - 5 scrolls of immolation {!r}
 t - 6 scrolls of teleportation {@r4}
 v - a scroll of noise {!r}
 x - a scroll of fog
 C - a scroll of fear
 F - 2 scrolls of vulnerability {!r}
 P - a scroll of enchant armour {unknown}
 R - 2 scrolls of poison {!r}
 S - a scroll of magic mapping {unknown}
Potions
 e - a potion of curing {@q1}
 k - 2 potions of lignification {!q}
 l - 3 potions of attraction {unknown}
 n - 4 potions of heal wounds {@q2}
 o - 3 potions of mutation {!q}
 q - a potion of flight {unknown}
 w - 3 potions of resistance {unknown}
 A - a potion of berserk rage {unknown}
 B - 2 potions of degeneration {unknown}
 H - 3 potions of brilliance {unknown}
 K - a potion of might {unknown}
 U - a potion of haste {unknown}
 V - a potion of invisibility {unknown}


   Skills:
 + Level 7.3(12.3) Fighting
 * Level 8.0(13.6) Axes
 - Level 4.7(12.0) Maces & Flails
 * Level 10.1(15.1) Ranged Weapons
 - Level 2.1(7.1) Dodging
 + Level 5.2(10.2) Stealth
 + Level 3.7 Translocations
 + Level 4.0 Invocations
 + Level 3.5 Evocations


You had 8 spell levels left.
You knew the following spells:

 Your Spells              Type           Power      Damage    Failure   Level
c - Apportation           Tloc           8%         N/A       67%         1

Your spell library contained the following spells:

 Spells                   Type           Power      Damage    Failure   Level
 Blink                    Tloc           8%         N/A       82%         2
 Necrotise                Necr           0%         1d4       99%         1
 Sublimation of Blood     Necr           0%         N/A       100%        2
 Ignite Poison            Fire/Tmut/Pois 0%         N/A       100%        3
 Kindle Blastsparks       Fire/Tloc/Air  2%         2d10      100%        3
 Manifold Assault         Tloc           4%         N/A       100%        4
 Petrify                  Tmut/Erth      0%         N/A       100%        4
 Freezing Cloud           Conj/Ice/Air   0%         6-21      100%        5
 Irradiate                Conj/Tmut      0%         3d11      100%        5
 Storm Form               Tmut/Air       0%         N/A       100%        7
 Maxwell's Capacitive Co  Air            0%         ∞         100%        8
 Summon Small Mammal      Summ           Unusable   N/A       N/A         1
 Summon Lightning Spire   Summ/Air       Unusable   N/A       N/A         4

Dungeon Overview and Level Annotations

Branches:
Dungeon (9/15)             Temple (0/1) D:5          Bailey (visited)
   Lair: D:8-11         Orc: D:9-12

Altars:
Dithmenos
Kikubaaqudgha
Okawaru
Qazlal
Trog
Uskayaw
Vehumet
Wu Jian
Xom
The Shining One
Jiyva

Shops:
D:4 [   D:9 [

Annotations:
D:3 2 transporters, Dodorex895's ghost, amateur MfGl
D:9 1 transporter


Innate Abilities, Weirdness & Mutations

You have a pair of horns on your head.
You reflexively headbutt those who attack you in melee.
You have sharp toenails.
You are partially covered in iridescent scales. (AC +2)
You are resistant to electric shocks. (rElec)


Message History

You continue taking off your +0 plate armour. x4
You finish taking off your +0 plate armour.
You start putting on your armour.
You continue putting on your +2 chain mail of fire resistance. x5
You finish putting on your +2 chain mail of fire resistance.
You feel resistant to fire.
You open the door.
There is an open door here.
Found a stone staircase leading up.
Found a runed demon blade.
You see here a +1 vampiric demon blade.
Found a polished ring mail.
You see here the +3 ring mail "Ezuhinih" {Rampage rPois rC- Int-5}.
Partly explored, unvisited transporter.
The slime creature quivers. x2
The slime creature quivers. x2
There is a transporter here.
Okay, then.
You can't see any enemies this would affect, really read the scroll of fear?
As you read the scroll of fear, it crumbles to dust.
You assume a fearsome visage.
Nothing appears to happen.
You enter the transporter and appear at another place.
The slime creature quivers. x2
The slime creature misses you.
You gain the combat prowess of a mighty hero.
The slime creature hits you!
Two slime creatures merge to form a large slime creature.
The slime creature completely misses you.
Two slime creatures merge to form a very large slime creature.
Two slime creatures merge to form a large slime creature.
You slice the slime creature!!
You claw the slime creature, but do no damage.
You headbutt the slime creature.
You barely miss the very large slime creature.
You completely miss the large slime creature.
The very large slime creature barely misses you.
The slime creature misses you. You furiously retaliate!
You headbutt the slime creature! You slice the slime creature!!
You slash the large slime creature! You hit the very large slime creature.
The very large slime creature hits you!!!
Ouch! That really hurt!
* * * LOW HITPOINT WARNING * * *
The large slime creature completely misses you.
You furiously retaliate!
You headbutt the large slime creature! The slime creature closely misses you.
You hit the slime creature. You claw the slime creature.
You hit the very large slime creature. You slash the large slime creature!
The very large slime creature hits you!!
You die...

#..# #...# #.# #..# #. #..#
#...# #.# #..# #. #..#
#...# #.# #..# #. #..#
#...# #.# #..# #. #..#
#...# #.# #..# #. #..#
#...# #.# #..# #. #..#
#...# ##### #..# #. #..#
#...# #.###[# #..# #. #..#
#...###..#@#[.#### #.># #.
#..# #....#?..JJJ...#.#
#..# #. #..#
#....###.....###.###..####.
#..#
#...©##..._...##©.##.......
#..#
#....###....G###...........
#..#
#....#J........#...........
#..#
#...###..#.#.=######.......
#..# #..<# ##.###©##
#....... #..# #.))# #####
#.......


You could see a great orb of eyes, a very large slime creature, a large slime
creature and a slime creature.

Vanquished Creatures
  A two-headed ogre (D:8)
  An orc knight (Bailey)
  Psyche (D:9)
  A hornet (D:9)
  A wyvern (D:9)
  An acid dragon (D:9)
  A water moccasin (D:8)
  8 orc warriors
  A black bear (D:5)
  An ice beast (D:7)
  A sky beast (D:7)
  A phantom (D:4)
  3 centaurs
  7 kobold brigands
  3 bullfrogs
  2 necrophages
  4 scorpions
  4 wights (D:8)
  9 killer bees
  6 howler monkeys
  2 hounds (D:5)
  A jelly (D:3)
  8 orc priests
  3 gnoll boudas
  4 iguanas
  9 orc wizards
  16 gnolls
  6 adders
  3 shadow imps
  A white imp (D:7)
  2 ufetubi (D:5)
  3 worms
  A dart slug (D:4)
  34 orcs
  5 bats
  15 endoplasms
  2 giant cockroaches (D:2)
  11 goblins
  4 hobgoblins
  5 jackals
  19 kobolds
  3 quokkas
  8 ball pythons
  3 frilled lizards
  4 rats
  A rat zombie (D:4)
230 creatures vanquished.

Vanquished Creatures (others)
  A demonic plant (D:5)
1 creature vanquished.

Grand Total: 231 creatures vanquished

Notes
Turn   | Place    | Note
-------+----------+-------------------------------------------
     0 | D:1      | Pooter the Minotaur Hunter began the quest for the Orb.
     0 | D:1      | Reached XP level 1. HP: 18/18 MP: 0/0
   120 | D:1      | Reached skill level 1 in Stealth
   300 | D:1      | Reached XP level 2. HP: 25/25 MP: 1/1
   990 | D:2      | Reached skill level 5 in Ranged Weapons
  1086 | D:2      | Reached XP level 3. HP: 31/31 MP: 2/2
  1793 | D:2      | Identified the +6 whip of Punishment {vamp, Int+3}
  1810 | D:2      | You fall into a shaft and drop 2 floors!
  1833 | D:4      | Reached skill level 1 in Maces & Flails
  1833 | D:4      | Reached XP level 4. HP: 31/38 MP: 3/3
  1928 | D:4      | Reached XP level 5. HP: 39/45 MP: 4/4
  2141 | D:4      | Found an ancient bone altar of Kikubaaqudgha.
  2334 | D:4      | Found a radiant altar of Vehumet.
  2364 | D:3      | Found a faded altar of an unknown god.
  2609 | D:3      | Reached skill level 6 in Ranged Weapons
  2609 | D:3      | Reached XP level 6. HP: 51/52 MP: 5/5
  2696 | D:3      | Found a transporter.
  2808 | D:3      | Found a transporter.
  2810 | D:3      | Noticed Dodorex895's ghost (amateur MfGl)
  2820 | D:3      | Learned a level 1 spell: Apportation
  2998 | D:3      | Gained mutation: You occasionally lose the ability to drink
                  | potions when taking damage. [potion of mutation]
  2998 | D:3      | Gained mutation: You have sharp toenails. [potion of
                  | mutation]
  2999 | D:3      | Lost mutation: You have sharp toenails. [potion of
                  | mutation]
  2999 | D:3      | Lost mutation: You occasionally lose the ability to drink
                  | potions when taking damage. [potion of mutation]
  2999 | D:3      | Gained mutation: You have sharp toenails. [potion of
                  | mutation]
  2999 | D:3      | Gained mutation: You have hidden genetic potential. [potion
                  | of mutation]
  3182 | D:4      | Found a shimmering altar of Xom.
  3554 | D:4      | Identified the +0 helmet "Yseigh" {rN+}
  3609 | D:4      | Found Firief's Armour Shop.
  3638 | D:4      | Found an iron altar of Okawaru.
  3648 | D:4      | Became a worshipper of Warmaster Okawaru
  3838 | D:5      | Entered Level 5 of the Dungeon
  3866 | D:5      | Reached XP level 7. HP: 53/59 MP: 6/6
  3867 | D:5      | Reached skill level 1 in Translocations
  4021 | D:5      | Found a staircase to the Ecumenical Temple.
  4676 | D:5      | Reached skill level 1 in Axes
  4696 | D:5      | Reached * piety under Okawaru
  4697 | D:5      | Reached skill level 7 in Ranged Weapons
  5010 | D:6      | Reached skill level 5 in Fighting
  5010 | D:6      | Reached XP level 8. HP: 57/68 MP: 4/7
  5105 | D:6      | Gained mutation: You are partially covered in iridescent
                  | scales. (AC +2) [hidden potential]
  5705 | D:7      | Reached skill level 1 in Invocations
  5705 | D:7      | Reached skill level 1 in Evocations
  5726 | D:7      | Reached ** piety under Okawaru
  5727 | D:7      | Reached skill level 8 in Ranged Weapons
  5938 | D:7      | Found a glowing golden altar of the Shining One.
  5979 | D:7      | Reached XP level 9. HP: 41/75 MP: 6/9
  6077 | D:7      | Found a bloodstained altar of Trog.
  6078 | D:7      | Found a hide-covered altar of Uskayaw.
  6189 | D:7      | Reached skill level 5 in Axes
  6228 | D:7      | Found an ornate altar of the Wu Jian Council.
  6235 | D:7      | Found a stormy altar of Qazlal.
  6501 | D:8      | Noticed a two-headed ogre
  6503 | D:8      | Gained mutation: You are resistant to electric shocks.
                  | (rElec) [hidden potential]
  6503 | D:8      | Lost mutation: You have hidden genetic potential. [hidden
                  | potential expressed]
  6509 | D:8      | Killed a two-headed ogre
  6569 | D:8      | Reached skill level 9 in Ranged Weapons
  6652 | D:8      | Found a flagged portal.
  6653 | D:8      | Upgraded the game from 0.30-a0-757-ga6a79fd877 to
                  | 0.30-a0-760-g5a9884bb7c
  6690 | Bailey   | Entered a bailey
  6788 | Bailey   | Noticed an orc knight
  6799 | Bailey   | Killed an orc knight
  6800 | Bailey   | Reached XP level 10. HP: 79/84 MP: 7/11
  6863 | Bailey   | Found a bloodstained altar of Trog.
  7374 | D:8      | Found a shadowy altar of Dithmenos.
  7490 | D:9      | Paralysed by a hornet for 1 turns
  7492 | D:9      | Paralysed by a hornet for 1 turns
  7495 | D:9      | Reached skill level 5 in Stealth
  7552 | D:9      | Noticed a great orb of eyes
  7554 | D:9      | Found a viscous altar of Jiyva.
  7689 | D:9      | Noticed Psyche
  7707 | D:9      | Killed Psyche
  7739 | D:9      | Found a transporter.
  7747 | D:9      | Found a transporter.
  7926 | D:9      | Reached skill level 10 in Ranged Weapons
  8007 | D:9      | Found Ypleniv's Armour Shoppe.
  8010 | D:9      | Bought a +2 chain mail of fire resistance for 236 gold
                  | pieces
  8075 | D:9      | Identified the +3 ring mail "Ezuhinih" {Rampage rPois rC-
                  | Int-5}
  8215 | D:9      | Slain by a very large slime creature

Illustrated notes

Levels and vault maps discovered:
D:1:      psy_arrival_radial01, layout_loops_corners
D:2:      layout_basic
D:3:      layout_basic, chequers_ecumenical_altar_simple,
          gammafunk_ghost_mausoleum, minmay_distorted
D:4:      layout_loops_corners, okawaru_metal_pillars_1_2,
          lemuel_zombie_altar_kikubaaqudgha, mainiacjoe_overflow_brackets,
          mainiacjoe_overflow_alcove_4, serial_shops, shop
D:5:      layout_rooms, minmay_temple_entry_antechambers, serial_demonic,
          serial_demonic_c, serial_demonic_g, serial_demonic_f, serial_demonic_b
D:6:      layout_cave_pools
D:7:      layout_basic, nicolae_overflow_hidden_temple, minitemple,
          kennysheep_mini_moat
D:8:      layout_loops_ring, marbit_many_paths, enter_bailey_5,
          serial_park_tiny_2
D:9:      gammafunk_jiyva_shrine, layout_long_grid, serial_shops,
          nicolae_shop_behind_doors, uniq_psyche

Skill      XL: |  1  2  3  4  5  6  7  8  9 10 |
---------------+-------------------------------+-----
Stealth        | 1 2 3 4 5 |  5.2
Fighting       | 3 4 5 6 7 |  7.3
Ranged Weapons | 5 6 7 8 9 10 | 10.1
Maces & Flails | 1 2 3 4 |  4.7
Translocations | 1 2 3 |  3.7
Axes           | 2 4 7 8 |  8.0
Invocations    | 1 3 4 |  4.0
Evocations     | 1 2 3 |  3.5
Dodging        | |  2.1

Action                     |  1- 3 |  4- 6 |  7- 9 | 10-12 || total
---------------------------+-------+-------+-------+-------++-------
  Melee: Dagger            |    10 |       |       |       ||    10
         Spear             |     7 |       |       |       ||     7
         Headbutt          |     4 |    19 |    23 |    12 ||    58
         Whip              |     3 |    80 |    15 |       ||    98
         Kick              |       |    11 |    49 |    18 ||    78
         Hand axe          |       |       |   125 |       ||   125
         Punch             |       |       |     2 |       ||     2
         Battleaxe         |       |       |     5 |    63 ||    68
   Fire: Shortbow          |    77 |   118 |    77 |    15 ||   287
  Throw: Boomerang         |       |     1 |     8 |     3 ||    12
         Dart              |       |       |     2 |       ||     2
         Javelin           |       |       |     3 |       ||     3
 Invoke: Heroism           |       |       |    12 |     7 ||    19
  Evoke: Wand              |       |       |     3 |     2 ||     5
    Use: Scroll            |     7 |     1 |     8 |     1 ||    17
         Potion            |       |     2 |     1 |     1 ||     4
 Armour: Leather armour    |    11 |       |       |       ||    11
         Scale mail        |       |    20 |       |       ||    20
         Chain mail        |       |    15 |    21 |       ||    36
         Plate armour      |       |       |    50 |    24 ||    74
  Dodge: Dodged            |    27 |    53 |   190 |    70 ||   340

Table legend: (Time is in decaauts)
 A = Elapsed time spent in this place.
 B = Non-inter-level travel time spent in this place.
 C = Inter-level travel time spent in this place.
 D = Time resting spent in this place.
 E = Time spent auto-exploring this place.
 F = Levels seen in this place.
 G = Mean time per level.
                   A        B        C        D        E       F      G
               +--------+--------+--------+--------+--------+-----+--------+
         Total |   8376 |   8082 |    294 |   1030 |   5009 |  10 |  837.6 |
       Dungeon |   8089 |   7795 |    294 |    980 |   4921 |   9 |  898.8 |
        Bailey |    287 |    287 |      0 |     50 |     87 |   1 |  287.0 |
               +--------+--------+--------+--------+--------+-----+--------+

Top non-repeatable levels by time:
     D:4: 1285 daAuts
     D:5: 1127 daAuts
     D:1: 988 daAuts
     D:2: 948 daAuts
     D:7: 837 daAuts
     D:8: 790 daAuts
     D:9: 721 daAuts
     D:6: 718 daAuts
     D:3: 671 daAuts
  Bailey: 287 daAuts
